 Dungeon Crawl Stone Soup version 0.29.1-15-g9cfb28693d (webtiles) character file.

Game seed: 9383725517176421428

53 BuddhaDhamma the Chopper (level 3, -4/31 HPs)
             Began as a Minotaur Berserker on Mar 9, 2023.
             Was a Believer of Trog.
             Slain by an orc
             ... wielding a +0 hand axe
              (6 damage)
             ... on level 2 of the Dungeon.
             The game lasted 00:02:02 (1155 turns).

BuddhaDhamma the Chopper (Minotaur Berserker)       Turns: 1155, Time: 00:02:03

Health: -4/31      AC:  3    Str: 23    XL:     3   Next: 64%
Magic:  2/2        EV: 12    Int:  4    God:    Trog [**....]
Gold:   49         SH:  0    Dex:  9    Spells: 2/2 levels left

rFire   . . .      SeeInvis .   a - +0 hand axe
rCold   . . .      Faith    .   (no shield)
rNeg    . . .      Spirit   .   b - +0 animal skin
rPois   .          Reflect  .   (helmet restricted)
rElec   .          Harm     .   j - +0 cloak
rCorr   .          Rampage  .   (no gloves)
Will    .....                   (no boots)
Stlth   +.........              (no amulet)
HPRegen 0.10/turn               (no ring)
MPRegen 0.08/turn               (no ring)

@: no status effects
A: horns 2, retaliatory headbutt
a: Renounce Religion, Berserk, Trog's Hand


You were on level 2 of the Dungeon.
You worshipped Trog.
Trog was pleased with you.
You visited 1 branch of the dungeon, and saw 2 of its levels.

You collected 49 gold pieces.

Inventory:

Hand Weapons
 a - a +0 hand axe (weapon)
Armour
 b - a +0 animal skin (worn)
 f - a scarf of repulsion
 j - a +0 cloak (worn)
Scrolls
 e - a scroll of teleportation {unknown}
 h - 2 scrolls of identify {unknown}
 i - a scroll of enchant weapon {unknown}
 k - a scroll of noise {unknown}
 m - a scroll of poison {unknown}
Potions
 c - 2 potions of might {unknown}
 d - a potion of curing {unknown}
 g - a potion of degeneration {unknown}
 l - a potion of cancellation {unknown}


   Skills:
 - Level 3.6 Fighting
 + Level 5.7 Axes
 - Level 2.4 Armour
 - Level 2.1 Dodging


You had 2 spell levels left.
You didn't know any spells.
Your spell library was empty.

Dungeon Overview and Level Annotations

Branches:
Dungeon (2/15)

Altars:


Innate Abilities, Weirdness & Mutations

You have a pair of horns on your head.
You reflexively headbutt those who attack you in melee.


Message History

You hit the orc.
The orc is heavily wounded.
The orc misses you.
You slash the orc!
You kill the orc!
Trog accepts your kill.
An orc comes into view. It is wielding a +0 hand axe.
You barely miss the orc. The orc hits you with a +0 falchion.
The orc shouts!
You hit the orc. You headbutt the orc.
You kill the orc!
Trog accepts your kill.
You barely miss the orc. The orc hits you with a +0 mace.
* * * LOW HITPOINT WARNING * * *
You slash the orc!
You kill the orc!
Trog accepts your kill. The orc hits you but does no damage.
Items here: ))) [ †.
You completely miss the orc. Your headbutt misses the orc.
The orc hits you with a +0 hand axe.
* * * LOW HITPOINT WARNING * * *
You hit the orc.
The orc is lightly wounded.
The orc closely misses you.
You completely miss the orc. Your headbutt misses the orc.
The orc is lightly wounded.
The orc closely misses you.
You closely miss the orc.
The orc is lightly wounded.
The orc hits you with a +0 hand axe.
* * * LOW HITPOINT WARNING * * *
You barely miss the orc. Your headbutt misses the orc.
The orc is lightly wounded.
The orc hits you with a +0 hand axe.
* * * LOW HITPOINT WARNING * * *
You hit the orc but do no damage.
The orc is lightly wounded.
The orc hits you with a +0 hand axe.
You die...

###.#...†...... .# #.....##.
....#.<.......##.##
....#####
....#..........#..# .#
⌠..†...............
~~..(#########....# ####
~~.............#..### .....
~~.............#...:##..#
~~.............##.......#
..........##....@o......#
..........########..#......#
...#......# #.###......
...#......# .... ..####
!..#........ ...... .#
...#......####........ ## #
#......# ##.......#
#########


You could see an orc.

Vanquished Creatures
  2 dart slugs (D:1)
  3 orcs (D:2)
  2 bats
  An endoplasm (D:2)
  A giant cockroach (D:1)
  4 hobgoblins (D:1)
  5 jackals (D:1)
  5 quokkas (D:1)
  7 ball pythons
  A frilled lizard (D:1)
  7 goblins (D:1)
  2 rats
40 creatures vanquished.

Vanquished Creatures (others)
  3 fungi (D:1)
3 creatures vanquished.

Grand Total: 43 creatures vanquished

Notes
Turn   | Place    | Note
-------+----------+-------------------------------------------
     0 | D:1      | BuddhaDhamma the Minotaur Berserker began the quest for the
                  | Orb.
     0 | D:1      | Reached XP level 1. HP: 19/19 MP: 0/0
    57 | D:1      | Reached skill level 4 in Axes
    68 | D:1      | Reached XP level 2. HP: 23/26 MP: 1/1
   343 | D:1      | Reached skill level 5 in Axes
   350 | D:1      | Reached XP level 3. HP: 19/31 MP: 2/2
   665 | D:1      | You fall into a shaft and drop 1 floor!
   686 | D:1      | Reached ** piety under Trog
   992 | D:1      | Found a faded altar of an unknown god.
  1155 | D:2      | Slain by an orc

Illustrated notes

Levels and vault maps discovered:
D:1:      dpeg_arrival_arbitrary_b, layout_rooms,
          shapermc_ecumenical_altar_hornbeckon
D:2:      layout_rooms, serial_park_tiny_pond, minmay_misc_feat_more_columns,
          minmay_pentomino_q2

Skill      XL: |  1  2 |
---------------+-------+-----
Axes           | 4 5 |  5.7
Fighting       | |  3.6
Armour         | |  2.4
Dodging        | |  2.1

Action                   || total
-------------------------++-------
Melee: Hand axe          ||    77
       Headbutt          ||    10
       Punch             ||     1
Armor: Animal skin       ||    16
Dodge: Dodged            ||    57
